 Dungeon Crawl Stone Soup version 0.30.1-4-g462c640d31 (webtiles) character file.

Game seed: 6985530601849745915

433 FishyPogo the Insei (level 7, -3/52 HPs)
             Began as a Gnoll Transmuter on Aug 16, 2023.
             Was an Initiate of Gozag.
             Slain by a gnoll bouda
             ... wielding a +0 whip
              (8 damage)
             ... on level 5 of the Dungeon.
             The game lasted 00:10:03 (2915 turns).

FishyPogo the Insei (Gnoll Transmuter)              Turns: 2915, Time: 00:10:04

Health: -3/52      AC:  4    Str: 10    XL:     7   Next: 0%
Magic:  14/15      EV: 13    Int: 14    God:    Gozag
Gold:   170        SH:  4    Dex: 12    Spells: 11/17 levels left

rFire   + .          .
                       - Unarmed
rCold   . . .        p - +0 buckler
rNeg    + . .        v - +1 robe {Will+}
rPois   .            (helmet currently unavailable)
rElec   .            (no cloak)
rCorr   .            y - +0 pair of gloves
SInv    .            h - melded +0 pair of boots
Will    +....        (no amulet)
Stlth   ++           l - ring of positive energy
HPRegen 0.28/turn    t - ring of protection from fire
MPRegen 0.14/turn

%: no passive effects
@: mighty, appendages (expiring), attractive, invisible
A: horns 2, talons 2, fangs 1, strong nose, distributed training
a: End Transformation, Renounce Religion, Potion Petition, Call Merchant, Bribe
Branch


You were on level 5 of the Dungeon.
You worshipped Gozag.
Gozag was aware of your devotion.
You had temporarily grown beastly horns and talons.
You visited 1 branch of the dungeon, and saw 5 of its levels.

You collected 450 gold pieces.
You paid 280 gold pieces to Gozag.

Inventory:

Missiles
 d - 7 boomerangs
 g - 46 stones
 u - 3 poisoned darts
Armour
 h - a +0 pair of boots (melded)
 p - a +0 buckler (worn)
 v - a +1 robe of willpower (worn)
 y - a +0 pair of gloves (worn)
Magical Staves
 q - a staff of poison
Jewellery
 l - a ring of positive energy (left hand)
 t - a ring of protection from fire (right hand)
Scrolls
 a - a scroll of blinking {unknown}
 c - 2 scrolls of amnesia {unknown}
 e - 4 scrolls of teleportation {unknown}
 i - a scroll of enchant weapon {unknown}
 j - a scroll of fog {unknown}
 n - a scroll of enchant armour {unknown}
 o - a scroll of silence {unknown}
 r - 6 scrolls of identify {unknown}
 w - a scroll of brand weapon {unknown}
Potions
 b - 2 potions of lignification
 f - a potion of heal wounds {unknown}
 k - 3 potions of might
 m - 2 potions of attraction
 s - a potion of ambrosia {unknown}
 x - a potion of flight {unknown}
 z - a potion of magic {unknown}
 A - a potion of haste {unknown}
 B - a potion of berserk rage {unknown}


   Skills:
 + Level 3.4 Fighting
 + Level 2.2 Short Blades
 + Level 2.2 Long Blades
 + Level 2.2 Axes
 + Level 2.2 Maces & Flails
 + Level 2.2 Polearms
 + Level 2.2 Staves
 + Level 2.2 Ranged Weapons
 + Level 2.2 Throwing
 + Level 2.2 Armour
 + Level 5.1 Dodging
 + Level 2.2 Stealth
 + Level 2.2 Shields
 + Level 6.9 Unarmed Combat
 + Level 5.5 Spellcasting
 + Level 1.8 Conjurations
 + Level 1.8 Hexes
 + Level 1.8 Summonings
 + Level 1.8 Necromancy
 + Level 1.8 Translocations
 + Level 4.2 Transmutations
 + Level 1.8 Fire Magic
 + Level 1.8 Ice Magic
 + Level 1.8 Air Magic
 + Level 1.8 Earth Magic
 + Level 1.8 Poison Magic
 + Level 2.5 Invocations
 + Level 2.2 Evocations


You had 11 spell levels left.
You knew the following spells:

 Your Spells              Type           Power      Damage    Failure   Level
a - Beastly Appendage     Tmut           30%        N/A       4%          1
b - Wereblood             Tmut           15%        N/A       6%          2
c - Spider Form           Tmut/Pois      12%        N/A       21%         3

Your spell library contained the following spells:

 Spells                   Type           Power      Damage    Failure   Level
 Sublimation of Blood     Necr           9%         N/A       17%         2
 Ice Form                 Ice/Tmut       12%        N/A       56%         4
 Summon Hydra             Summ           4%         N/A       100%        7


Dungeon Overview and Level Annotations

Branches:
Dungeon (5/15)
 Temple: D:4-7

Altars:
Fedhas
Gozag
Ru
Wu Jian
Zin

Portals:
Abyss: D:3

Annotations:
D:3 2 transporters, aeroqp's ghost, amateur VSCj
D:4 1 runed translucent door, zxspectator's ghost, amateur GrFi


Innate Abilities, Weirdness & Mutations

You have temporarily grown beastly horns and talons.
You have very sharp teeth.
Your uncanny sense of smell can sniff out nearby items.
Your experience applies equally to all skills.


Message History

Okay, then. [a] - 264 gold - invisibility and might [b] - 800 gold - invisibility, might, resistance and haste [c] - 725 gold - lignification, might, resistance and invisibility Purchase which effect? [a] - 264 gold - invisibility and might [b] - 800 gold - invisibility, might, resistance and haste [c] - 725 gold - lignification, might, resistance and invisibility Purchase which effect? [a] - 264 gold - invisibility and might [b] - 800 gold - invisibility, might, resistance and haste [c] - 725 gold - lignification, might, resistance and invisibility Purchase which effect?
You no longer have enough gold to petition Gozag for potion effects.
You fade into invisibility!
You feel mightier all of a sudden.
You feel sick.
You are no longer poisoned.
The gnoll is no longer distracted by gold.
The gnoll closely misses you. You block the gnoll bouda's attack.
The ufetubus is distracted by your dazzling golden aura.
The gnoll is attracted toward you. x3
You see here 7 gold pieces.
Your transformation is almost over.
The gnoll is attracted toward you. x3
The ufetubus is no longer distracted by gold.
The gnoll bouda is attracted toward you.
The gnoll is attracted toward you. x2; Something is attracted toward you. x3
Your attacks no longer feel as feeble.
The gnoll is no longer moving quickly.
The gnoll is attracted toward you. x3
Something is attracted toward you. The gnoll is attracted toward you.
The gnoll bouda is attracted toward you.
The gnoll is attracted toward you. x2
The gnoll is attracted toward you. x2
The gnoll bouda is attracted toward you.
The gnoll is attracted toward you. x3
The gnoll is no longer moving quickly.
The gnoll misses you.
The gnoll bouda hits you with a +0 whip!
You die...
Your body crumbles into a pile of gold. .. ..... ######## .....##......## ∆.....#........## ...............# ......>..@.....# .PPP.P .......g......# ggs.. ###.§..g....)# P..PPP

#.g........# ......
##..g.....##
##.#.g######...§......###
....ggggg§§..§...........
#.....s#####..........###
#......###...##.......#


You could see a gnoll bouda (unable to see you) and 3 gnolls.

Vanquished Creatures
  4 scorpions
  A hound (D:5)
  An iguana (D:3)
  An orc wizard (D:3)
  4 adders
  A white imp (D:5)
  2 dart slugs
  7 orcs
  5 ball pythons
  6 bats
  9 endoplasms
  2 giant cockroaches
  8 goblins
  5 hobgoblins
  7 kobolds
  A quokka (D:3)
  5 rats
69 creatures vanquished.

Notes
Turn   | Place    | Note
-------+----------+-------------------------------------------
     0 | D:1      | FishyPogo the Gnoll Transmuter began the quest for the Orb.
     0 | D:1      | Reached XP level 1. HP: 17/17 MP: 6/6
   155 | D:1      | Reached XP level 2. HP: 23/23 MP: 7/7
   158 | D:1      | Learned a level 2 spell: Wereblood
   473 | D:1      | Reached skill level 5 in Spellcasting
   473 | D:1      | Reached XP level 3. HP: 28/28 MP: 6/9
   477 | D:1      | Learned a level 3 spell: Spider Form
   779 | D:2      | Found an opulent altar of Gozag.
   787 | D:2      | Became a worshipper of Gozag Ym Sagoz the Greedy
   795 | D:2      | Reached skill level 1 in Invocations
   943 | D:2      | Reached skill level 1 in Short Blades
   943 | D:2      | Reached skill level 1 in Long Blades
   943 | D:2      | Reached skill level 1 in Axes
   943 | D:2      | Reached skill level 1 in Maces & Flails
   943 | D:2      | Reached skill level 1 in Polearms
   943 | D:2      | Reached skill level 1 in Staves
   943 | D:2      | Reached skill level 1 in Ranged Weapons
   943 | D:2      | Reached skill level 1 in Throwing
   943 | D:2      | Reached skill level 1 in Armour
   943 | D:2      | Reached skill level 1 in Stealth
   943 | D:2      | Reached skill level 1 in Shields
   943 | D:2      | Reached skill level 1 in Evocations
  1231 | D:3      | Found a transporter.
  1238 | D:3      | Noticed aeroqp's ghost (amateur VSCj)
  1239 | D:3      | Noticed a small abomination
  1248 | D:3      | Found a transporter.
  1350 | D:3      | Reached XP level 4. HP: 20/34 MP: 11/11
  1359 | D:3      | Reached skill level 1 in Conjurations
  1359 | D:3      | Reached skill level 1 in Hexes
  1359 | D:3      | Reached skill level 1 in Summonings
  1359 | D:3      | Reached skill level 1 in Necromancy
  1359 | D:3      | Reached skill level 1 in Translocations
  1359 | D:3      | Reached skill level 1 in Fire Magic
  1359 | D:3      | Reached skill level 1 in Ice Magic
  1359 | D:3      | Reached skill level 1 in Air Magic
  1359 | D:3      | Reached skill level 1 in Earth Magic
  1359 | D:3      | Reached skill level 1 in Poison Magic
  1482 | D:3      | Found an ornate altar of the Wu Jian Council.
  1573 | D:3      | Reached XP level 5. HP: 36/40 MP: 12/12
  1610 | D:3      | Found a faded altar of an unknown god.
  1818 | D:3      | Found a one-way gate to the infinite horrors of the Abyss.
  2164 | D:4      | Found a sacrificial altar of Ru.
  2260 | D:4      | Reached skill level 5 in Dodging
  2260 | D:4      | Reached XP level 6. HP: 34/47 MP: 14/14
  2475 | D:4      | Found a blossoming altar of Fedhas.
  2529 | D:4      | Found a runed translucent door.
  2529 | D:4      | Noticed zxspectator's ghost (amateur GrFi)
  2771 | D:5      | Entered Level 5 of the Dungeon
  2813 | D:5      | Found a glowing silver altar of Zin.
  2900 | D:5      | Reached XP level 7. HP: 42/52 MP: 11/15
  2906 | D:5      | HP: 2/52 [poisoned by a scorpion]
  2915 | D:5      | Slain by a gnoll bouda

Illustrated notes

Levels and vault maps discovered:
D:1:      dreamdust_arrival_sigmund_warning, layout_rooms,
          hangedman_decor_opposing, minmay_misc_feat_square, amethyst_killhole,
          minmay_misc_feat_chi
D:2:      layout_basic, basic_altar
D:3:      layout_loops_ring, nzn_wu_jian_contemplation,
          shapermc_ecumenical_altar_petra, gammafunk_ghost_abyssal_escape,
          wad_floor_pattern_untrapped
D:4:      layout_basic, old_standard_altar, fedhas_altar_2,
          gammafunk_ghost_grave
D:5:      layout_rooms, zin_academy, mainiacjoe_overflow_cross_hatched,
          nicolae_overflow_hidden_temple

Skill      XL: |  1  2  3  4  5  6 |
---------------+-------------------+-----
Spellcasting   | 5 |  5.5
Invocations    | 1 2 |  2.5
Short Blades   | 1 2 |  2.2
Long Blades    | 1 2 |  2.2
Axes           | 1 2 |  2.2
Maces & Flails | 1 2 |  2.2
Polearms       | 1 2 |  2.2
Staves         | 1 2 |  2.2
Ranged Weapons | 1 2 |  2.2
Throwing       | 1 2 |  2.2
Armour         | 1 2 |  2.2
Stealth        | 1 2 |  2.2
Shields        | 1 2 |  2.2
Evocations     | 1 2 |  2.2
Conjurations   | 1 |  1.8
Hexes          | 1 |  1.8
Summonings     | 1 |  1.8
Necromancy     | 1 |  1.8
Translocations | 1 |  1.8
Fire Magic     | 1 |  1.8
Ice Magic      | 1 |  1.8
Air Magic      | 1 |  1.8
Earth Magic    | 1 |  1.8
Poison Magic   | 1 |  1.8
Fighting       | 3 |  3.4
Transmutations | 4 |  4.2
Dodging        | 5 |  5.1
Unarmed Combat | |  6.9

Action                     |  1- 3 |  4- 6 |  7- 9 || total
---------------------------+-------+-------+-------++-------
  Melee: Unarmed           |    77 |    93 |     2 ||   172
         Kick              |    11 |    22 |       ||    33
         Headbutt          |    12 |    11 |       ||    23
         Bite              |     2 |    10 |     1 ||    13
   Cast: Beastly Appendage |    23 |    21 |       ||    44
         Wereblood         |     2 |     1 |       ||     3
 Invoke: Potion Petition   |       |       |     1 ||     1
Ability: End Transformatio |     1 |       |       ||     1
    Use: Potion            |       |       |     2 ||     2
   Stab: Sleeping          |     1 |     2 |       ||     3
 Armour: Robe              |     8 |     9 |       ||    17
  Dodge: Dodged            |    35 |    47 |     6 ||    88
  Block: Buckler           |     1 |    11 |     1 ||    13
